 Dungeon Crawl Stone Soup version 0.26-b1-32-g5d43845318 (webtiles) character file.

Game seed: 13194682972948928460

131 inmateoo the Chiller (level 4, -1/36 HPs)
             Began as a Draconian Ice Elementalist on Jan 9, 2021.
             Killed by nerve-wracking pain
             ... invoked by an orc priest
              (13 damage)
             ... on level 2 of the Dungeon.
             The game lasted 00:03:31 (2639 turns).

inmateoo the Chiller (Draconian Ice Elementalist)   Turns: 2639, Time: 00:03:32

Health: -1/36      AC:  6    Str: 10    XL:     4   Next: 91%
Magic:  0/8        EV: 12    Int: 17    God:
Gold:   133        SH:  0    Dex: 11    Spells: 7/8 levels left

rFire    . . .     SeeInvis .     - Unarmed
rCold    . . .     Faith    .   (no shield)
rNeg     . . .     Spirit   .   (armour unavailable)
rPois    .         Reflect  .   (helmet restricted)
rElec    .         Harm     .   (no cloak)
rCorr    .         Rampage  .   (no gloves)
Will     .....                  f - +0 pair of boots
Stlth    ++........             (no amulet)
HPRegen  0.12/turn              (no ring)
MPRegen  0.11/turn              (no ring)

@: no status effects
A: unfitting armour, cold-blooded, AC +5
a: no special abilities


You were on level 2 of the Dungeon.
You visited 1 branch of the dungeon, and saw 3 of its levels.

You collected 133 gold pieces.

Inventory:

Missiles
 d - 15 curare-tipped darts (quivered)
Armour
 f - a +0 pair of boots (worn)
Scrolls
 a - 2 scrolls of identify {unknown}
 b - 2 scrolls of amnesia {unknown}
 g - a scroll of remove curse {unknown}
 i - a scroll of enchant weapon {unknown}
 j - a scroll of teleportation {unknown}
 k - a scroll of immolation {unknown}
 m - a scroll of fear {unknown}
Potions
 c - a potion of brilliance {unknown}
 e - 3 potions of flight {unknown}
 h - 2 potions of haste {unknown}
 l - 2 potions of attraction {unknown}


   Skills:
 + Level 2.1 Fighting
 + Level 2.5 Dodging
 - Level 1.7 Stealth
 + Level 1.3 Unarmed Combat
 + Level 2.8 Spellcasting
 + Level 4.5 Ice Magic


You had 7 spell levels left.
You knew the following spells:

 Your Spells              Type           Power        Failure   Level
a - Freeze                Ice            72%          2%          1

Your spell library contained the following spells:

 Spells                   Type           Power        Failure   Level
 Frozen Ramparts          Ice            36%          9%          3
 Ozocubu's Armour         Ice            18%          9%          3
 Hailstorm                Conj/Ice       10%          56%         4
 Summon Ice Beast         Ice/Summ       10%          56%         4


Dungeon Overview and Level Annotations

Branches:
Dungeon (3/15)

Altars:
Dithmenos
Sif Muna


Innate Abilities, Weirdness & Mutations

Your plain brown scales are hard. (AC +5)
You cannot fit into any form of body armour.
You are cold-blooded and may be slowed by cold attacks.


Message History

Unknown command.
Unknown command.
Unknown command.
Casting: Freeze (safe; 2% risk of failure)
Confirm with . or Enter, or press ? or * to list all spells.
Aiming: Freeze (safe; 2% risk of failure)
Press: ? - help, Shift-Dir - straight line, f - orc priest
Aim: an orc priest, wearing a +0 ring mail (heavily wounded)
You freeze the orc priest!
The orc priest is almost dead.
The orc priest hits you.
Unknown command.
There is a stone staircase leading down, spattered with blood here.
Unknown command.
The orc priest calls down the wrath of Beogh upon you.
Beogh smites you!
Unknown command.
The orc priest mumbles some strange prayers to Beogh against you.
Pain shoots through your body!
You die...

.........#.###...#
..#####.###.##...# #.#
#>#####.##'##
#.#####.....###_#
......#.....#######
#.###.#....)..o...#
#.# #.#.....#...#>#
#.# #.#.......#...####
#.###.#.#....###@....#
#.........##..#......#
###...#.#.###...###..#
..#............## #..#
#.#..###..###### #..#
#.#..# #..#########..#
#.#..# #.............#
#.#..# #...8.....8...#
#.#..# ##............#


You could see an orc priest.

Vanquished Creatures
  7 adders (D:2)
  An ooze (D:1)
  A worm (D:2)
  2 dart slugs
  3 leopard geckos
  3 orcs (D:3)
  5 giant cockroaches
  A goblin (D:2)
  3 hobgoblins
  A jackal (D:2)
  9 bats
  6 frilled lizards
  6 kobolds
  12 rats
60 creatures vanquished.

Notes
Turn   | Place    | Note
-------+----------+-------------------------------------------
     0 | D:1      | inmateoo the Draconian Ice Elementalist began the quest for
                  | the Orb.
     0 | D:1      | Reached XP level 1. HP: 14/14 MP: 3/3
   296 | D:1      | Reached XP level 2. HP: 22/22 MP: 1/5
   646 | D:1      | Reached skill level 1 in Fighting
  1060 | D:2      | Reached XP level 3. HP: 28/28 MP: 2/6
  1876 | D:2      | Found a shimmering blue altar of Sif Muna.
  1994 | D:2      | Reached XP level 4. HP: 32/36 MP: 4/7
  2153 | D:2      | Reached skill level 1 in Unarmed Combat
  2569 | D:3      | Found a shadowy altar of Dithmenos.
  2639 | D:2      | Killed from afar by an orc priest

Illustrated notes

Levels and vault maps discovered:
D:1:      dpeg_arrival_concentric_ovals, layout_basic, serial_glass,
          glass_columns_b, glass_columns_c
D:2:      minmay_recursive_quarters, layout_loops_ring, lemuel_blue_sif_altar,
          st_stairs_1
D:3:      minmay_goblin_kobold_castle, layout_loops_ring, bloody_trog,
          nicolae_dithmenos_through_a_glass_darkly, guppyfry_early_orc_mine

Skill      XL: |  1  2  3  4 |
---------------+-------------+-----
Dodging        | 2 |  2.5
Fighting       | 1 2 |  2.1
Unarmed Combat | 1 |  1.3
Stealth        | |  1.7
Spellcasting   | |  2.8
Ice Magic      | |  4.5

Action                   |  1- 3 |  4- 6 || total
-------------------------+-------+-------++-------
Melee: Unarmed           |    52 |    16 ||    68
       Tailslap          |     7 |       ||     7
 Cast: Freeze            |    54 |    39 ||    93
Armor: Skin              |    26 |    20 ||    46
Dodge: Dodged            |    52 |    28 ||    80
